 Dungeon Crawl Stone Soup version 0.28.0-43-g3370ac3207 (webtiles) character file.

Game seed: 17166297686369244768

133 adizb the Skirmisher (level 4, -1/39 HPs)
             Began as a Palentonga Fighter on Mar 4, 2022.
             Slain by an orc
             ... wielding a +0 trident
              (5 damage)
             ... on level 4 of the Dungeon.
             The game lasted 00:14:55 (2561 turns).

adizb the Skirmisher (Palentonga Fighter)           Turns: 2561, Time: 00:14:56

Health: -1/39      AC:  7    Str: 21    XL:     4   Next: 94%
Magic:  13/13      EV:  7    Int:  8    God:
Gold:   112        SH:  0    Dex: 10    Spells: 3/3 levels left

rFire   . . .      SeeInvis +   l - +0 mace (venom)
rCold   . . .      Faith    .   (no shield)
rNeg    . . .      Spirit   .   b - +0 scale mail
rPois   .          Reflect  .   (no helmet)
rElec   .          Harm     .   e - +0 cloak
rCorr   .          Rampage  .   (no gloves)
Will    .....                   (no barding)
Stlth   ..........              (no amulet)
HPRegen 0.13/turn               i - ring of magical power
MPRegen 0.13/turn               (no ring)

@: no status effects
A: large, rugged brown scales 3, see invisible, deformed body, roll 1, armoured
tail
a: Rolling Charge


You were on level 4 of the Dungeon.
You visited 1 branch of the dungeon, and saw 4 of its levels.

You collected 112 gold pieces.

Inventory:

Hand Weapons
 a - a +0 war axe
 l - a +0 mace of venom (weapon)
Armour
 b - a +0 scale mail (worn)
 c - a +0 buckler
 e - a +0 cloak (worn)
Jewellery
 i - a ring of magical power (left hand)
Wands
 k - a wand of acid (2)
Scrolls
 f - 2 scrolls of identify {unknown}
 g - 3 scrolls of teleportation {unknown}
 h - a scroll of enchant weapon {unknown}
Potions
 d - a potion of berserk rage {unknown}
 j - a potion of heal wounds {unknown}


   Skills:
 * Level 4.1 Fighting
 * Level 3.3 Axes
 + Level 2.9 Armour
 - Level 2.4 Shields
 + Level 1.5 Unarmed Combat


You had 3 spell levels left.
You didn't know any spells.
Your spell library contained the following spells:

 Spells                   Type           Power      Damage    Failure   Level
 Summon Guardian Golem    Hex/Summ       0%         N/A       98%         3
 Orb of Destruction       Conj           0%         9d5       100%        7
 Spellforged Servitor     Conj/Summ      0%         N/A       100%        7


Dungeon Overview and Level Annotations

Branches:
Dungeon (4/15)
 Temple: D:4-7

Altars:

Shops:
D:2 [


Innate Abilities, Weirdness & Mutations

You are completely covered in rugged brown scales. (AC +3, +7% HP)
You have supernaturally acute eyesight. (SInv)
Armour fits poorly on your strangely shaped body.
You can roll at nearby foes to attack.
You have a long armoured tail.


Message History

The orc closely misses you.
There is an open door, spattered with blood here.
You see here a +0 club.
You hit the orc priest.
The orc priest is poisoned.
The orc priest is lightly wounded.
The orc priest barely misses you. The orc barely misses you.
You barely miss the orc priest.
The orc priest is moderately wounded.
The orc completely misses you.
The orc priest hits you but does no damage.
The orc hits you with a +0 trident.
You closely miss the orc priest.
You punch the orc priest, but do no damage.
The orc priest is lightly wounded.
The orc priest calls down the wrath of Beogh upon you.
Pain shoots through your body! The orc hits you but does no damage.
You barely miss the orc priest.
You tail-slap the orc priest, but do no damage.
The orc priest is moderately wounded.
The orc priest hits you with a +0 short sword.
The orc barely misses you.
You barely miss the orc priest. Your punch misses the orc priest.
The orc priest is moderately wounded.
The orc priest closely misses you. The orc hits you but does no damage.
The orc priest hits you with a +0 short sword.
The orc hits you with a +0 trident.
The orc wizard hits you but does no damage.
You hit the orc priest.
The orc priest looks even sicker.
You tail-slap the orc priest, but do no damage.
The orc priest is severely wounded.
The orc priest invokes the aid of Beogh against you.
Pain shoots through your body!
* * * LOW HITPOINT WARNING * * *
The orc hits you with a +0 trident.
* * * LOW HITPOINT WARNING * * *
The orc wizard hits you with a +0 dagger.
* * * LOW HITPOINT WARNING * * *
You kill the orc priest!
The orc hits you from afar with a +0 trident.
You die...

#####+#### ?........# .
.....[...# +#.# .........#
....# .......o.# ....#
......)oo#......
#####)##......#
#.....@........
#..............
#..............
#).............
##########..).....#
#.................#
#............#+###
#######...<......#.#.#
...(......[......#...######


You could see an orc wizard and an orc.

Vanquished Creatures
  2 orc priests (D:4)
  A howler monkey skeleton (D:4)
  3 adders
  2 worms
  3 dart slugs
  10 ball pythons
  4 endoplasms
  A giant cockroach (D:2)
  2 hobgoblins (D:3)
  7 jackals
  A quokka (D:3)
  5 bats (D:1)
  4 frilled lizards
  4 goblins
  6 kobolds
  A rat (D:1)
56 creatures vanquished.

Vanquished Creatures (others)
  5 plants (D:2)
5 creatures vanquished.

Grand Total: 61 creatures vanquished

Notes
Turn   | Place    | Note
-------+----------+-------------------------------------------
     0 | D:1      | adizb the Palentonga Fighter began the quest for the Orb.
     0 | D:1      | Reached XP level 1. HP: 19/19 MP: 1/1
    97 | D:1      | Reached XP level 2. HP: 20/25 MP: 2/2
   887 | D:2      | Found Odoelek's Armour Emporium.
   943 | D:2      | Reached XP level 3. HP: 17/31 MP: 3/3
   952 | D:2      | Noticed a shining eye
   958 | D:2      | Noticed an eye of devastation
   960 | D:2      | Found a faded altar of an unknown god.
   981 | D:2      | Noticed an eye of devastation
   982 | D:2      | Noticed a shining eye
  1031 | D:2      | Reached skill level 1 in Unarmed Combat
  2038 | D:3      | Reached XP level 4. HP: 33/39 MP: 4/4
  2505 | D:4      | Reached skill level 4 in Fighting
  2561 | D:4      | Slain by an orc

Illustrated notes

Levels and vault maps discovered:
D:1:      dpeg_arrival_simpleton_c, layout_basic
D:2:      layout_loops_cross, serial_shops, shop,
          hellmonk_ecumenical_altar_watching_god, serial_forest,
          infiniplex_forest_clump_tiny, infiniplex_forest_clump_tiny,
          infiniplex_forest_lined_corner, infiniplex_forest_clump_double,
          infiniplex_forest_end_3, infiniplex_forest_lined_room_3,
          infiniplex_forest_clump_double, infiniplex_forest_straight_2
D:3:      layout_basic
D:4:      layout_basic, serial_shops, shop, nicolae_figureground_sparkle,
          uniq_crazy_yiuf_cottage

Skill      XL: |  1  2  3  4 |
---------------+-------------+-----
Unarmed Combat | 1 |  1.5
Axes           | 3 |  3.3
Fighting       | 4 |  4.1
Armour         | |  2.9
Shields        | |  2.4

Action                   |  1- 3 |  4- 6 || total
-------------------------+-------+-------++-------
Melee: War axe           |   110 |     9 ||   119
       Tailslap          |     8 |     5 ||    13
       Mace              |       |    31 ||    31
       Punch             |       |     1 ||     1
 Abil: Rolling Charge    |    24 |    11 ||    35
  Use: Potion            |     1 |       ||     1
Armor: Scale mail        |    69 |    19 ||    88
Dodge: Dodged            |    43 |    14 ||    57
